 Dungeon Crawl Stone Soup version 0.29-a0-72-g1732ff48e7 (webtiles) character file.

Game seed: 9654216061060347395

15299 belegose the Carver (level 12, -2/97 HPs)
             Began as a Gnoll Cinder Acolyte on Feb 3, 2022.
             Was an Elder of Ignis.
             Slain by an ogre (15 damage)
             ... on level 1 of the Orcish Mines.
             The game lasted 00:56:24 (19901 turns).

belegose the Carver (Gnoll Cinder Acolyte)         Turns: 19901, Time: 00:56:25

Health: -2/97      AC:  9    Str: 17    XL:     12   Next: 25%
Magic:  23/23      EV: 13    Int: 16    God:    Ignis [****..]
Gold:   903        SH:  0    Dex: 10    Spells: 23/26 levels left

rFire   . . .      SeeInvis .   a - +9 rapier "Meida" {vorpal, Str+3}
rCold   + . .      Faith    .   (no shield)
rNeg    . . .      Spirit   .   R - +0 troll leather armour
rPois   .          Reflect  .   H - +0 helmet
rElec   .          Harm     .   (no cloak)
rCorr   .          Rampage  .   A - +0 pair of gloves
Will    .....                   O - +0 pair of boots
Stlth   +++.......              I - amulet of regeneration
HPRegen 1.86/turn               D - ring of wizardry
MPRegen 0.18/turn               c - ring of ice

@: hasted, very quick
A: fangs 1, strong nose, distributed training
a: Renounce Religion, Fiery Armour, Foxfire Swarm, Rising Flame


You were on level 1 of the Orcish Mines.
You worshipped Ignis.
Ignis was greatly pleased with you.
You visited 3 branches of the dungeon, and saw 14 of its levels.
You also visited: Bailey.

You collected 1015 gold pieces.
You spent 112 gold pieces at shops.

Inventory:

Hand Weapons
 a - the +9 rapier "Meida" (weapon) {vorpal, Str+3}
   (You found it on level 11 of the Dungeon)

   It inflicts extra damage upon your enemies.
   Str:       It affects your strength (+3).
 b - a +1 dagger of venom
 w - a +1 hunting sling of freezing
 U - a -1 falchion of flaming
Missiles
 e - 309 stones
 g - 62 bolts
 m - 82 sling bullets
 y - 26 poisoned darts (quivered)
 J - 6 boomerangs
 Z - 4 curare-tipped darts
Armour
 d - +0 acid dragon scales
 u - a +2 robe of willpower
 A - a +0 pair of gloves (worn)
 F - the +4 robe of Augmentation {Str+4 Int+4 Dex+4}
   (You found it on level 6 of the Dungeon)

   Str:       It affects your strength (+4).
   Int:       It affects your intelligence (+4).
   Dex:       It affects your dexterity (+4).
 H - a +0 helmet (worn)
 O - a +0 pair of boots (worn)
 R - a +0 troll leather armour (worn)
Magical Staves
 z - a staff of cold
Jewellery
 c - a ring of ice (right hand)
 D - a ring of wizardry (left hand)
 I - an amulet of regeneration (around neck)
 T - an amulet of reflection
Wands
 k - a wand of iceblast (15)
 q - a wand of flame (37)
 L - a wand of polymorph (14)
 M - a wand of mindburst (14)
 P - a wand of paralysis (6)
 Q - a wand of acid (1)
Scrolls
 h - 6 scrolls of teleportation
 j - 2 scrolls of amnesia {unknown}
 o - 2 scrolls of noise {unknown}
 p - 3 scrolls of blinking {unknown}
 s - 2 scrolls of fear {unknown}
 B - 2 scrolls of summoning {unknown}
 E - 2 scrolls of enchant armour {unknown}
 G - 2 scrolls of immolation {unknown}
 K - a scroll of acquirement {unknown}
 N - a scroll of fog {unknown}
 S - a scroll of holy word {unknown}
 V - 2 scrolls of magic mapping {unknown}
 W - a scroll of enchant weapon {unknown}
 X - a scroll of vulnerability {unknown}
Potions
 f - 2 potions of heal wounds
 i - 3 potions of curing
 l - 2 potions of berserk rage
 n - 5 potions of mutation
 r - 4 potions of cancellation
 t - 3 potions of invisibility
 v - 3 potions of might
 x - a potion of magic {unknown}
 C - a potion of haste


   Skills:
 + Level 9.7 Fighting
 + Level 7.1 Short Blades
 + Level 9.7 Long Blades
 + Level 7.1 Axes
 + Level 7.1 Maces & Flails
 + Level 7.1 Polearms
 + Level 7.1 Staves
 + Level 7.1 Slings
 + Level 7.1 Bows
 + Level 7.1 Crossbows
 + Level 7.1 Throwing
 + Level 7.1 Armour
 + Level 7.1 Dodging
 + Level 7.1 Stealth
 + Level 7.1 Shields
 + Level 7.1 Unarmed Combat
 + Level 7.7 Spellcasting
 + Level 5.9 Conjurations
 + Level 5.9 Hexes
 + Level 5.9 Summonings
 + Level 5.9 Necromancy
 + Level 5.9 Translocations
 + Level 5.9 Transmutations
 + Level 8.1 Fire Magic
 + Level 5.9 Ice Magic
 + Level 5.9 Air Magic
 + Level 5.9 Earth Magic
 + Level 5.9 Poison Magic
 + Level 7.8 Invocations
 + Level 7.1 Evocations


You had 23 spell levels left.
You knew the following spells:

 Your Spells              Type           Power      Damage    Failure   Level
a - Mephitic Cloud        Conj/Pois/Air  25%        N/A       1%          3

Your spell library contained the following spells:

 Spells                   Type           Power      Damage    Failure   Level
 Beastly Appendage        Tmut           50%        N/A       1%          1
 Magic Dart               Conj           100%       1d8       1%          1
 Call Imp                 Summ           25%        N/A       1%          2
 Scorch                   Fire           64%        2d8       1%          2
 Wereblood                Tmut           25%        N/A       1%          2
 Gell's Gravitas          Tloc           25%        N/A       1%          3
 Lesser Beckoning         Tloc           25%        N/A       1%          3
 Spider Form              Tmut/Pois      25%        N/A       1%          3
 Teleport Other           Tloc           25%        N/A       1%          3


Dungeon Overview and Level Annotations

Branches:
Dungeon (11/15)            Temple (1/1) D:5            Lair (0/6) D:11
    Orc (2/2) D:11            Elf (0/3) Orc:2        Bailey (visited)

Altars:
Ashenzari
Cheibriados
Dithmenos
Elyvilon
Fedhas
Gozag
Hepliaklqana
Kikubaaqudgha
Makhleb
Nemelex Xobeh
Okawaru
Qazlal
Ru
Sif Muna
Trog
Uskayaw
Vehumet
Wu Jian
Xom
Yredelemnul
Zin
The Shining One
Beogh

Shops:
D:6 !   D:11 (

Annotations:
D:10 5 exclusions


Innate Abilities, Weirdness & Mutations

You have very sharp teeth.
Your uncanny sense of smell can sniff out nearby items.
Your experience applies equally to all skills.


Message History

The ogre is heavily wounded.
You puncture the ogre!
You kill the ogre!
There is a stone staircase leading down, spattered with blood here.
Items here: )) [ †.
Unknown command.
You climb downwards.
The ogre hits you with a +0 giant club!
The two-headed ogre hits you with a +0 giant club!!
The two-headed ogre hits you with a +0 giant club!
There is a stone staircase leading up, spattered with blood here.
The ogre mage points at the ogre and mumbles some strange words.
The ogre seems to speed up.
The ogre hits you with a +0 giant club!
The two-headed ogre hits you with a +0 giant club!!
* * * LOW HITPOINT WARNING * * *
The two-headed ogre hits you with a +0 giant club!
* * * LOW HITPOINT WARNING * * *
You climb upwards.
There is a stone staircase leading down, spattered with blood here.
Items here: )) [ †.
Unknown command.
Okay, then.
Okay, then.
You feel much better.
The ogre hits you with a +0 giant club!!
* * * LOW HITPOINT WARNING * * *
You feel yourself speed up.
The two-headed ogre hits you with a +0 giant club.
* * * LOW HITPOINT WARNING * * *
The two-headed ogre hits you but does no damage.
The ogre misses you.
Unknown command.
The ogre barely misses you.
Things that are here:
a +0 plate armour; a +0 mace; an orc corpse The ogre hits you with a +0 giant club!
* * * LOW HITPOINT WARNING * * *
You puncture the ogre!
The ogre is moderately wounded.
The ogre hits you with a +0 giant club!
You die...

##.##......## ##....
####...#....#### #.....
##..#..##....##.## ##....
##......#.........## ###...
#....#.##..........# ##.#...
##.##..............####
#......
#####.....[........#.####)##..
##...#..............##[##..
#..<....OO@...........).##.
#...#...[>).............###
##.###.#).[#.#.#.##.##.## #
### ###################


You could see a two-headed ogre and an ogre (fast).

Vanquished Creatures
  A boulder beetle (D:9)
  Fannar (D:11)
  2 two-headed ogres
  Sonja (D:10)
  2 orc sorcerers (Orc:1)
  A manticore (D:11)
  A centaur zombie (D:11)
  An unseen horror (D:11)
  Psyche (D:11)
  4 trolls
  2 wyverns
  A human (D:6)
  19 yaks
  3 hogs
  An acid dragon (D:8)
  Duvessa (D:7)
  A hornet zombie (D:8)
  3 ice beasts (D:7)
  14 orc warriors
  5 black bears
  6 ogres
  6 centaurs
  2 kobold brigands (D:6)
  2 bullfrogs
  2 scorpions
  A water moccasin zombie (D:5)
  Dowan (D:7)
  6 killer bees (D:8)
  5 howler monkeys
  10 wights
  10 orc priests
  A jelly (D:6)
  5 hounds
  A gnoll shaman (D:9)
  A bullfrog skeleton (D:6)
  2 iguanas (D:6)
  10 orc wizards
  A killer bee zombie (D:5)
  15 gnolls
  7 adders
  A white imp (D:6)
  An adder skeleton (D:4)
  5 dart slugs
  2 worms
  44 orcs
  5 ball pythons
  6 bats
  6 endoplasms
  5 giant cockroaches
  9 hobgoblins
  A quokka (D:1)
  6 frilled lizards
  11 goblins
  16 kobolds
  6 rats
283 creatures vanquished.

Vanquished Creatures (others)
  14 fungi (D:11)
  21 plants (D:11)
35 creatures vanquished.

Grand Total: 318 creatures vanquished

Notes
Turn   | Place    | Note
-------+----------+-------------------------------------------
     0 | D:1      | belegose the Gnoll Cinder Acolyte began the quest for the
                  | Orb.
     0 | D:1      | Reached XP level 1. HP: 23/23 MP: 4/4
   434 | D:1      | Reached XP level 2. HP: 28/29 MP: 5/5
   503 | D:1      | Found a faded altar of an unknown god.
  1355 | D:1      | Reached XP level 3. HP: 35/35 MP: 7/7
  1573 | D:2      | Reached skill level 1 in Invocations
  1675 | D:2      | Found a sacrificial altar of Ru.
  1703 | D:2      | You fall into a shaft and drop 2 floors!
  1742 | D:4      | Reached skill level 1 in Short Blades
  1742 | D:4      | Reached skill level 1 in Axes
  1742 | D:4      | Reached skill level 1 in Maces & Flails
  1742 | D:4      | Reached skill level 1 in Polearms
  1742 | D:4      | Reached skill level 1 in Staves
  1742 | D:4      | Reached skill level 1 in Slings
  1742 | D:4      | Reached skill level 1 in Bows
  1742 | D:4      | Reached skill level 1 in Crossbows
  1742 | D:4      | Reached skill level 1 in Throwing
  1742 | D:4      | Reached skill level 1 in Armour
  1742 | D:4      | Reached skill level 1 in Dodging
  1742 | D:4      | Reached skill level 1 in Stealth
  1742 | D:4      | Reached skill level 1 in Shields
  1742 | D:4      | Reached skill level 1 in Unarmed Combat
  1742 | D:4      | Reached skill level 1 in Evocations
  1742 | D:4      | Reached XP level 4. HP: 13/41 MP: 8/8
  2370 | D:2      | Reached skill level 1 in Conjurations
  2370 | D:2      | Reached skill level 1 in Hexes
  2370 | D:2      | Reached skill level 1 in Summonings
  2370 | D:2      | Reached skill level 1 in Necromancy
  2370 | D:2      | Reached skill level 1 in Translocations
  2370 | D:2      | Reached skill level 1 in Transmutations
  2370 | D:2      | Reached skill level 1 in Ice Magic
  2370 | D:2      | Reached skill level 1 in Air Magic
  2370 | D:2      | Reached skill level 1 in Earth Magic
  2370 | D:2      | Reached skill level 1 in Poison Magic
  3085 | D:3      | Reached XP level 5. HP: 17/47 MP: 9/9
  3429 | D:3      | Found a burning altar of Makhleb.
  4310 | D:4      | Reached XP level 6. HP: 53/53 MP: 9/11
  4755 | D:5      | Entered Level 5 of the Dungeon
  4932 | D:5      | Noticed a black bear
  4984 | D:5      | Reached XP level 7. HP: 53/60 MP: 12/12
  5581 | D:5      | Found a staircase to the Ecumenical Temple.
  5600 | Temple   | Entered the Ecumenical Temple
  7192 | D:6      | Reached XP level 8. HP: 59/67 MP: 14/14
  7593 | D:6      | Found Tiucwo Darch's Distillery.
  7610 | D:6      | Found a shimmering altar of Xom.
  7626 | D:6      | Found a hide-covered altar of Uskayaw.
  7649 | D:6      | Bought a potion of curing for 42 gold pieces
  7649 | D:6      | Bought a potion of heal wounds for 70 gold pieces
  7660 | D:6      | Found the +4 robe of Augmentation {Str+4 Int+4 Dex+4}
  8343 | D:6      | Found a snail-covered altar of Cheibriados.
  8442 | D:7      | Noticed Dowan
  8549 | D:7      | Noticed a wyvern
  8933 | D:7      | Noticed a two-headed ogre
  8955 | D:7      | Found a flagged portal.
  8995 | Bailey   | Entered a bailey
  9178 | Bailey   | Reached XP level 9. HP: 72/72 MP: 16/16
  9573 | Bailey   | Noticed an orc knight
  9847 | D:7      | Noticed Duvessa
  9869 | D:7      | Killed Duvessa
  9872 | D:7      | Killed Dowan
 10221 | D:7      | Reached skill level 5 in Spellcasting
 11334 | D:7      | Reached skill level 5 in Invocations
 12102 | D:7      | Killed a two-headed ogre
 12103 | D:7      | Reached XP level 10. HP: 65/80 MP: 18/18
 12426 | D:8      | Reached skill level 5 in Short Blades
 12426 | D:8      | Reached skill level 5 in Axes
 12426 | D:8      | Reached skill level 5 in Maces & Flails
 12426 | D:8      | Reached skill level 5 in Polearms
 12426 | D:8      | Reached skill level 5 in Staves
 12426 | D:8      | Reached skill level 5 in Slings
 12426 | D:8      | Reached skill level 5 in Bows
 12426 | D:8      | Reached skill level 5 in Crossbows
 12426 | D:8      | Reached skill level 5 in Throwing
 12426 | D:8      | Reached skill level 5 in Armour
 12426 | D:8      | Reached skill level 5 in Dodging
 12426 | D:8      | Reached skill level 5 in Stealth
 12426 | D:8      | Reached skill level 5 in Shields
 12426 | D:8      | Reached skill level 5 in Unarmed Combat
 12426 | D:8      | Reached skill level 5 in Evocations
 12437 | D:8      | Found a shadowy altar of Dithmenos.
 12439 | D:8      | Found a sparkling altar of Nemelex Xobeh.
 12443 | D:8      | Found a blossoming altar of Fedhas.
 12448 | D:8      | Found a glowing silver altar of Zin.
 12449 | D:8      | Found a hazy altar of Hepliaklqana.
 13698 | D:8      | Found a radiant altar of Vehumet.
 14952 | D:9      | Found a stormy altar of Qazlal.
 14957 | D:9      | Noticed a boulder beetle
 14967 | D:9      | Killed a boulder beetle
 15101 | D:9      | Learned a level 3 spell: Mephitic Cloud
 15227 | D:9      | Found a glowing golden altar of the Shining One.
 15596 | D:10     | Entered Level 10 of the Dungeon
 15894 | D:10     | Reached XP level 11. HP: 57/87 MP: 20/20
 16160 | D:10     | Found a bloodstained altar of Trog.
 16596 | D:10     | Noticed a two-headed ogre
 16604 | D:10     | Killed a two-headed ogre
 16605 | D:10     | Reached skill level 5 in Conjurations
 16605 | D:10     | Reached skill level 5 in Hexes
 16605 | D:10     | Reached skill level 5 in Summonings
 16605 | D:10     | Reached skill level 5 in Necromancy
 16605 | D:10     | Reached skill level 5 in Translocations
 16605 | D:10     | Reached skill level 5 in Transmutations
 16605 | D:10     | Reached skill level 5 in Ice Magic
 16605 | D:10     | Reached skill level 5 in Air Magic
 16605 | D:10     | Reached skill level 5 in Earth Magic
 16605 | D:10     | Reached skill level 5 in Poison Magic
 17227 | D:11     | Noticed Sonja
 17228 | D:11     | Noticed Fannar
 17358 | D:11     | Noticed a manticore
 17521 | D:10     | Killed Sonja
 17978 | D:11     | Killed a manticore
 18156 | D:11     | Killed Fannar
 18184 | D:11     | Noticed Psyche
 18315 | D:11     | Found a staircase to the Lair.
 18339 | D:11     | Killed Psyche
 18514 | D:11     | Found Meilex's Weapon Shop.
 18674 | D:11     | Found a staircase to the Orcish Mines.
 18892 | D:11     | Identified the +9 rapier "Meida" {vorpal, Str+3}
 18937 | Orc:1    | Entered Level 1 of the Orcish Mines
 18937 | Orc:1    | Noticed an orc sorcerer
 18950 | Orc:1    | Killed an orc sorcerer
 18951 | Orc:1    | Reached XP level 12. HP: 96/96 MP: 23/23
 19328 | Orc:2    | Entered Level 2 of the Orcish Mines
 19610 | Orc:2    | Found a staircase to the Elven Halls.
 19866 | Orc:2    | Noticed a two-headed ogre
 19866 | Orc:2    | Noticed a two-headed ogre
 19866 | Orc:2    | Noticed a two-headed ogre
 19866 | Orc:2    | Noticed an ogre mage
 19901 | Orc:1    | Slain by an ogre

Illustrated notes

Levels and vault maps discovered:
D:1:      dpeg_arrival_arbitrary_b, layout_basic, ebering_ecumenical_altar_webs
D:2:      layout_rooms, basic_altar, minmay_tetromino_i2
D:3:      layout_basic, mainiacjoe_overflow_boulevard
D:4:      layout_cave_pools, serial_park, serial_park_square3
          [serial_park_minivault_5x5_8], serial_park_square1
          [serial_park_minivault_5x5_1], serial_park_fountain,
          serial_park_avenue1, serial_park_square2
D:5:      layout_cave_pods, minmay_temple_entry_arrows
D:6:      layout_loops_ring, mainiacjoe_overflow_alcove_2, jmf_multi_god_temple,
          serial_shops, shop
D:7:      hellmonk_crumbling_castle, layout_loops_cross, enter_bailey_2,
          minmay_door_square, kennysheep_minor_cross, grunt_livestock,
          uniq_duvessa
D:8:      layout_gridville, vehumet_altar_wand_db, minitemple,
          chequers_arboretum
D:9:      layout_roguey, grunt_qazlal_clouds, general_overflow_altar,
          nicolae_elevator_lobby_plus
D:10:     layout_loops_cross, nicolae_overflow_hidden_temple, centaur_isle
D:11:     layout_rooms, grunt_lair_entry_orc_guard_hut, david_orc_5,
          serial_shops, shop, uniq_sonja, uniq_fannar, uniq_psyche
Temple:   nicolae_temple_figure_zero
Orc:1:    layout_caves, led_sif_book
Orc:2:    st_orc_ogre_mass, layout_caves

Skill      XL: |  1  2  3  4  5  6  7  8  9 10 11 12 |
---------------+-------------------------------------+-----
Invocations    | 1 2 3 4 5 6 7 |  7.8
Short Blades   | 1 2 3 4 5 6 7 |  7.1
Axes           | 1 2 3 4 5 6 7 |  7.1
Maces & Flails | 1 2 3 4 5 6 7 |  7.1
Polearms       | 1 2 3 4 5 6 7 |  7.1
Staves         | 1 2 3 4 5 6 7 |  7.1
Slings         | 1 2 3 4 5 6 7 |  7.1
Bows           | 1 2 3 4 5 6 7 |  7.1
Crossbows      | 1 2 3 4 5 6 7 |  7.1
Throwing       | 1 2 3 4 5 6 7 |  7.1
Armour         | 1 2 3 4 5 6 7 |  7.1
Dodging        | 1 2 3 4 5 6 7 |  7.1
Stealth        | 1 2 3 4 5 6 7 |  7.1
Shields        | 1 2 3 4 5 6 7 |  7.1
Unarmed Combat | 1 2 3 4 5 6 7 |  7.1
Evocations     | 1 2 3 4 5 6 7 |  7.1
Spellcasting   | 3 4 5 6 7 |  7.7
Conjurations   | 1 2 3 4 5 |  5.9
Hexes          | 1 2 3 4 5 |  5.9
Summonings     | 1 2 3 4 5 |  5.9
Necromancy     | 1 2 3 4 5 |  5.9
Translocations | 1 2 3 4 5 |  5.9
Transmutations | 1 2 3 4 5 |  5.9
Ice Magic      | 1 2 3 4 5 |  5.9
Air Magic      | 1 2 3 4 5 |  5.9
Earth Magic    | 1 2 3 4 5 |  5.9
Poison Magic   | 1 2 3 4 5 |  5.9
Fighting       | 7 8 9 |  9.7
Long Blades    | 7 8 9 |  9.7
Fire Magic     | 6 7 8 |  8.1

Action                   |  1- 3 |  4- 6 |  7- 9 | 10-12 || total
-------------------------+-------+-------+-------+-------++-------
Melee: Falchion          |    48 |     3 |   144 |    91 ||   286
       Punch             |     2 |     3 |    16 |    62 ||    83
       Dagger            |    55 |   126 |   246 |   464 ||   891
       Bite              |     7 |    11 |    46 |   111 ||   175
       Long sword        |       |       |       |   101 ||   101
       Rapier            |       |       |       |   155 ||   155
 Fire: Hunting sling     |       |       |     2 |       ||     2
Throw: Stone             |       |       |     2 |       ||     2
       Dart              |       |       |       |     9 ||     9
 Cast: Mephitic Cloud    |       |       |       |     1 ||     1
Invok: Fiery Armour      |       |       |     1 |     3 ||     4
Evoke: Wand              |       |     6 |     4 |    20 ||    30
  Use: Scroll            |       |       |       |     9 ||     9
       Potion            |       |       |       |     5 ||     5
 Stab: Sleeping          |     1 |     3 |     5 |     3 ||    12
       Distracted        |       |       |     2 |       ||     2
       Paralysed         |       |       |       |     5 ||     5
       Confused          |       |       |       |     2 ||     2
Armor: Robe              |    11 |    12 |    78 |    24 ||   125
       Chain mail        |       |       |     1 |       ||     1
       Troll leather arm |       |       |       |   211 ||   211
Dodge: Dodged            |    52 |    77 |   193 |   439 ||   761

Table legend: (Time is in decaauts)
 A = Elapsed time spent in this place.
 B = Non-inter-level travel time spent in this place.
 C = Inter-level travel time spent in this place.
 D = Time resting spent in this place.
 E = Time spent auto-exploring this place.
 F = Levels seen in this place.
 G = Mean time per level.
                   A        B        C        D        E       F      G
               +--------+--------+--------+--------+--------+-----+--------+
         Total |  19682 |  18311 |   1371 |   4948 |   8038 |  15 | 1312.1 |
       Dungeon |  17982 |  16631 |   1351 |   4409 |   7758 |  11 | 1634.7 |
        Temple |    161 |    152 |      9 |      0 |    150 |   1 |  161.0 |
  Orcish Mines |    946 |    935 |     11 |    266 |    130 |   2 |  473.0 |
        Bailey |    591 |    591 |      0 |    273 |      0 |   1 |  591.0 |
               +--------+--------+--------+--------+--------+-----+--------+

Top non-repeatable levels by time:
     D:7: 2606 daAuts
     D:5: 2179 daAuts
     D:6: 1901 daAuts
     D:9: 1809 daAuts
     D:8: 1712 daAuts
    D:10: 1567 daAuts
     D:3: 1511 daAuts
     D:1: 1450 daAuts
    D:11: 1396 daAuts
     D:2: 1049 daAuts
     D:4: 798 daAuts
   Orc:1: 632 daAuts
  Bailey: 591 daAuts
   Orc:2: 314 daAuts
  Temple: 161 daAuts
